 Dungeon Crawl Stone Soup version 0.18-a0-1539-g1c7284a (webtiles) character file.

354 M4edhros the Covert (level 6, 0/38 HPs)
             Began as an Octopode Artificer on Mar 9, 2016.
             Succumbed to a worker ant's poison
             ... on level 5 of the Dungeon.
             The game lasted 00:03:59 (3715 turns).

M4edhros the Covert (Octopode Artificer)            Turns: 3715, Time: 00:03:59

Health: 0/38       AC:  2    Str: 11    XL:     6   Next: 62%
Magic:  17/17      EV:  7    Int: 14    God:
Gold:   138        SH:  0    Dex: 14    Spells: 0 memorised, 5 levels left

rFire  . . .     SeeInvis .     a - +3 whip
rCold  . . .     Gourm    .     (no shield)
rNeg   . . .     Faith    .     s - +1 hat
rPois  .         Spirit   .     (no amulet)
rElec  .         Dismiss  .     q - ring of magical power
rCorr  .         Reflect  .     m - ring of protection from magic
SustAt .         Harm     .     t - ring of loudness (curse)
MR     +....                    (no ring)
Stlth  +++++.....               (no ring)
                                (no ring)
                                (no ring)
                                (no ring)

@: lethally poisoned (0 -> -3), somewhat resistant to hostile enchantments,
quite stealthy
A: almost no armour, amphibious, 8 rings, constrict 8, camouflage 1, gelatinous
body 1
a: no special abilities


You were on level 5 of the Dungeon.
You were not hungry.

You visited 1 branch of the dungeon, and saw 5 of its levels.

You collected 138 gold pieces.

Inventory:

Hand Weapons
 a - a +3 whip (weapon)
Missiles
 k - 5 curare-tipped needles
 r - 50 stones (quivered)
Armour
 s - a +1 hat (worn)
Jewellery
 m - a ring of protection from magic (right tentacle)
 q - a ring of magical power (left tentacle)
 t - a cursed ring of loudness (on tentacle)
Wands
 b - a wand of flame (12/48)
 c - a wand of enslavement (15/24)
 d - a wand of random effects (4/48)
Scrolls
 e - 5 scrolls of identify {unknown}
 i - a scroll of fear {unknown}
 j - 3 scrolls of blinking {unknown}
 l - a scroll of remove curse {unknown}
 n - a scroll of immolation {unknown}
 o - a scroll of enchant weapon {unknown}
Books
 g - a book of the Dragon

   Spells                             Type                      Level
   a - Flame Tongue                   Conjuration/Fire             1
   b - Cause Fear                     Hexes                        4
   c - Bolt of Fire                   Conjuration/Fire             6
   d - Dragon Form                    Transmutation                7
   e - Dragon's Call                  Summoning                    9
Comestibles
 f - 2 bread rations
 h - a royal jelly
 p - a meat ration


   Skills:
 - Level 1.0 Fighting
   Level 1.0 Short Blades
 - Level 2.0 Dodging
 + Level 9.4 Stealth
 - Level 3.2 Evocations


You had 5 spell levels left.
You didn't know any spells.

Dungeon Overview and Level Annotations

Branches:
Dungeon (5/15)             Temple (0/1) D:5

Altars:

Annotations:
D:3 nublet's ghost, weakling CeSk


Innate Abilities, Weirdness & Mutations

You cannot wear most types of armour.
You are amphibious.
You can wear up to eight rings at the same time.
You can use your tentacles to constrict eight enemies at once.
Your skin changes colour to match your surroundings (Stealth).
Your rubbery body absorbs attacks (AC +1).


Message History

You feel sick.
* * * LOW HITPOINT WARNING * * *
You feel sick.
* * * LOW HITPOINT WARNING * * *
You feel sick.
* * * LOW HITPOINT WARNING * * *
You feel sick.
* * * LOW HITPOINT WARNING * * *
You feel sick.
* * * LOW HITPOINT WARNING * * *
You feel sick.
Found a staircase to the Ecumenical Temple.
* * * LOW HITPOINT WARNING * * *
You feel sick.
Unknown command.
There is a fountain of clear blue water here.
* * * LOW HITPOINT WARNING * * *
You feel sick.
There is a staircase to the Ecumenical Temple here.
You die...

.... ... ..# #....
...##.##### .....
.........# #.....
#...#...## .... #
#.⌠.#....# ##.. .
#.###...###..###.## .
##............##...## .
....⌠..@..⌠.........###.
...............##......#
...###...###...###......
. #.⌠.#....## #...<..
#...#....# ##......
..........# #.......
.######....# #....... .
#....# ##...... #......


There were no monsters in sight!

Vanquished Creatures
  A scorpion (D:4)
  A howler monkey (D:4)
  A hound (D:4)
  An orc wizard (D:4)
  A centaur skeleton (D:4)
  2 iguanas (D:4)
  A worker ant (D:5)
  2 hound skeletons (D:4)
  An adder (D:4)
  An ooze (D:1)
  An adder skeleton (D:4)
  2 giant geckos (D:1)
  10 orcs
  6 giant cockroaches
  6 goblins (D:1)
  6 hobgoblins
  3 jackals (D:4)
  3 kobolds (D:1)
  3 quokkas
  6 bats (D:1)
  A giant gecko skeleton (D:3)
  A giant newt (D:4)
  A quokka skeleton (D:4)
  A quokka zombie (D:3)
  3 rats (D:1)
65 creatures vanquished.

Notes
Turn   | Place    | Note
--------------------------------------------------------------
     0 | D:1      | M4edhros the Octopode Artificer began the quest for the Orb.
     0 | D:1      | Reached XP level 1. HP: 13/13 MP: 3/3
    61 | D:1      | Reached skill level 2 in Stealth
   148 | D:1      | Reached skill level 3 in Stealth
   148 | D:1      | Reached XP level 2. HP: 2/18 MP: 4/4
   897 | D:1      | Reached skill level 4 in Stealth
  1003 | D:1      | Reached XP level 3. HP: 21/23 MP: 5/5
  1796 | D:3      | Noticed nublet's ghost (weakling CeSk)
  2050 | D:4      | Reached skill level 5 in Stealth
  2050 | D:4      | Reached XP level 4. HP: 18/28 MP: 6/6
  2086 | D:4      | Reached skill level 6 in Stealth
  2360 | D:4      | Reached XP level 5. HP: 22/33 MP: 7/7
  2364 | D:4      | Reached skill level 7 in Stealth
  2767 | D:4      | Reached skill level 8 in Stealth
  2767 | D:4      | Reached XP level 6. HP: 12/38 MP: 8/8
  3365 | D:4      | Reached skill level 9 in Stealth
  3682 | D:5      | Entered Level 5 of the Dungeon
  3707 | D:5      | Found a staircase to the Ecumenical Temple.
  3709 | D:5      | HP: 1/38 [poisoned by a worker ant]
  3715 | D:5      | Succumbed to a worker ant's poison

Vault maps used:
D:1:      minmay_arrival_four_houses
D:2:      grunt_decor_arrowhead, uniq_terence, uniq_crazy_yiuf_cottage
D:3:      serial_undead, serial_undead_f, serial_undead_e, serial_undead_d,
          serial_undead_b, serial_undead_b, serial_undead_b, serial_undead_c,
          first_bread, okawaru_ov_weapons_minmay
D:4:      nicolae_underground_beach
D:5:      minmay_temple_entry_junction2, serial_shops,
          nicolae_shop_temple_entry_statues_fountains, led_sif_pool,
          uniq_sigmund, uniq_eustachio, uniq_blork_the_orc

Skill      XL: |  1  2  3  4  5  6 |
---------------+-------------------+-----
Stealth        | 3 4 5 6 8 9 |  9.4
Fighting       | |  1.0
Short Blades   | |  1.0
Dodging        | |  2.0
Evocations     | |  3.2

Action                   |  1- 3 |  4- 6 || total
-------------------------+-------+-------++-------
Melee: Unarmed           |   113 |    41 ||   154
       Whip              |       |    46 ||    46
Evoke: Wand              |    10 |     4 ||    14
  Use: Potion            |       |     1 ||     1
 Stab: Sleeping          |    12 |     2 ||    14
  Eat: Chunk             |     3 |     4 ||     7
       Beef jerky        |       |     1 ||     1
